 Dungeon Crawl Stone Soup version 0.31-a0-532-g28f74ba3e5 (webtiles) character file.

Game seed: 11373365741419051004

172 GloriousHammer the Sneak (level 5, -1/28 HPs)
             Began as a Kobold Enchanter on Aug 12, 2023.
             Slain by a goblin
             ... wielding a +0 club
             ... led by Robin
              (4 damage)
             ... on level 3 of the Dungeon on Aug 13, 2023.
             The game lasted 00:05:18 (3332 turns).

GloriousHammer the Sneak (Kobold Enchanter)         Turns: 3332, Time: 00:05:19

Health: -1/28      AC:  3    Str:  6    XL:     5   Next: 82%
Magic:  4/9        EV: 15    Int: 16    God:
Gold:   157        SH:  0    Dex: 17    Spells: 2/10 levels left

rFire   . . .        a - +1 dagger
rCold   . . .        (no shield)
rNeg    . . .        b - +0 robe
rPois   .            (no helmet)
rElec   .            k - +0 cloak
rCorr   .            (no gloves)
SInv    .            (no boots)
Will    .....        (no amulet)
Stlth   ++++         (no ring)
HPRegen 0.24/turn    (no ring)
MPRegen 0.11/turn

%: no passive effects
@: lethally poisoned (-1 -> -9)
A: small, no large weapons, nightstalker 3
a: no special abilities


You were on level 3 of the Dungeon.
You visited 1 branch of the dungeon, and saw 3 of its levels.

You collected 157 gold pieces.

Inventory:

Hand Weapons
 a - a +1 dagger (weapon)
 l - a +0 sling
Missiles
 r - 8 poisoned darts
Armour
 b - a +0 robe (worn)
 k - a +0 cloak (worn)
Wands
 s - a wand of flame (14)
Scrolls
 d - 2 scrolls of enchant weapon {unknown}
 f - a scroll of teleportation {unknown}
 h - a scroll of enchant armour {unknown}
 i - a scroll of fog {unknown}
 n - 3 scrolls of identify {unknown}
 t - a scroll of immolation {unknown}
 u - a scroll of poison {unknown}
Potions
 c - 3 potions of invisibility
 e - a potion of lignification {unknown}
 g - a potion of curing {unknown}
 j - a potion of cancellation {unknown}
 m - 2 potions of might {unknown}
 o - a potion of mutation {unknown}
 p - a potion of resistance {unknown}
 q - 2 potions of heal wounds {unknown}


   Skills:
 + Level 3.1 Short Blades
 - Level 2.4 Dodging
 * Level 6.2 Stealth
 + Level 3.0 Spellcasting
 + Level 3.7 Hexes
 - Level 1.0 Ice Magic


You had 2 spell levels left.
You knew the following spells:

 Your Spells              Type           Power      Damage    Failure   Level
a - Ensorcelled Hibernat  Hex/Ice        18%        N/A       11%         2
b - Confusing Touch       Hex            14%        N/A       12%         3
c - Tukima's Dance        Hex            14%        N/A       12%         3

Your spell library contained the following spells:

 Spells                   Type           Power      Damage    Failure   Level
 Dazzling Flash           Conj/Hex       16%        N/A       26%         3
 Inner Flame              Hex/Fire       8%         N/A       26%         3
 Yara's Violent Unravell  Hex/Tmut       4%         3d4       94%         5
 Enfeeble                 Hex            7%         N/A       100%        7


Dungeon Overview and Level Annotations

Branches:
Dungeon (3/15)

Altars:
Uskayaw

Annotations:
D:3 Robin


Innate Abilities, Weirdness & Mutations

You are small and have problems with some larger weapons.
You are completely attuned to the shadows.


Message History

You now have 128 gold pieces (gained 11).
You now have 141 gold pieces (gained 13).
Terence the Incautious comes into view.
He is wielding a +0 short sword.
Terence shouts!
Casting: Ensorcelled Hibernation (safe; 12% risk of failure)
Confirm with . or Enter, or press ? or * to list all spells.
Aiming: Ensorcelled Hibernation (safe; 12% risk of failure)
Press: ? - help, Shift-Dir - straight line, f - Terence
Aim: Terence, wielding a +0 short sword and wearing a +0 ring mail (chance to affect: 51%) Terence looks drowsy...
The helpless Terence fails to defend himself.
You impale Terence!!
You kill Terence!
Training target 1.0 for Ice Magic reached!
Your Short Blades skill increases to level 3!
Your Stealth skill increases to level 6!
Your Ice Magic skill increases to level 1!
Things that are here:
a +0 short sword; a +0 ring mail; the human corpse of Terence A bat comes into view.
The bat is sucked into a shaft!
The shaft crumbles and collapses.
An adder comes into view.
The adder hisses angrily.
Unknown command.
Casting: Ensorcelled Hibernation (safe; 11% risk of failure)
Confirm with . or Enter, or press ? or * to list all spells.
Aiming: Ensorcelled Hibernation (safe; 11% risk of failure)
Press: ? - help, Shift-Dir - straight line, f - adder
Aim: an adder (chance to affect: 51%)
The adder looks drowsy...
The helpless adder fails to defend itself.
You impale the adder!!
You kill the adder!
Found an escape hatch in the floor.
u - a scroll labelled EVALIFO LALEL You now have 155 gold pieces (gained 14).
n - 3 scrolls labelled SOUCHIORHI (gained 1)
Things that are here:
a +0 club; a goblin corpse
Things that are here:
a +0 club; a goblin corpse You now have 157 gold pieces (gained 2).
A goblin comes into view. It is wielding a +0 club.
A goblin is nearby! 3 goblins come into view.
The goblin shouts!
You hear a shout!
The goblin shouts!
You hear a shout! x2
The goblin shouts!
A hobgoblin comes into view.
You barely miss the goblin. The goblin hits you with a +0 club.
You hit the goblin.
You kill the goblin!
Robin of the Strong Arm comes into view.
They are wielding a +0 spear.
Robin roars a battlecry!
The goblins go into a battle-frenzy!
The goblin barely misses you.
You hear a shout!
Casting: Ensorcelled Hibernation (safe; 11% risk of failure)
Confirm with . or Enter, or press ? or * to list all spells.
Your hands begin to glow red.
You hear a shout!
The goblin hits you with a +0 club.
You hit the goblin but do no damage. Robin throws the goblin at you!
The goblin hits you with a +0 club. x2
You closely miss the goblin.
Robin says, "Bow before me, strongest of all the hobgoblins!"
Robin roars a battlecry!
The goblin barely misses you. x2
You hear a shout!
You hit the goblin but do no damage.
The goblin appears confused.
The goblin misses you. The goblin hits you with a +0 club.
You hit the goblin.
You kill the goblin!
Robin throws the goblin at you! The goblin closely misses you.
The goblin hits you with a +0 club.
You hit the goblin.
The goblin is moderately wounded.
The goblin closely misses you. The goblin hits you but does no damage.
You hit the goblin.
You kill the goblin!
A goblin comes into view. It is wielding a +1 dagger of venom.
The goblin hits you with a +0 club.
Casting: Confusing Touch (quite dangerous; 12% risk of failure)
Confirm with . or Enter, or press ? or * to list all spells.
Your hands begin to glow red.
Robin throws the goblin at you! The goblin misses you.
The goblin barely misses you.
You hit the goblin but do no damage. You hit the goblin but do no damage.
The goblin appears confused.
The goblin hits you with a +1 dagger of venom.
You are lethally poisoned!
The goblin completely misses you.
You hit the goblin but do no damage.
* * * LOW HITPOINT WARNING * * *
You feel very sick.
A goblin comes into view. It is wielding a +0 dagger.
The goblin misses you. The goblin closely misses you.
You barely miss the goblin.
* * * LOW HITPOINT WARNING * * *
You feel very sick. The goblin hits you with a +0 club.
You die...

#####.#####.#.####
......# #.#.#
######..# #...####
........######.÷...#
............%......#
.#####..###.##.<....
#..# #.##.#####
#.#####..# #.#.## #
.ggg@g...# #.##.##
## #g#####..#
#†##..###.
#..###)##.#.#.#
#.........##.##
######.####### #.#
#.# #.#


You could see Robin, a hobgoblin (strong) and 3 goblins.

Vanquished Creatures
  Ijyb (D:3)
  Terence (D:3)
  7 adders
  3 worms (D:2)
  4 ball pythons
  An endoplasm (D:3)
  3 giant cockroaches
  8 goblins
  4 hobgoblins
  A kobold (D:2)
  4 quokkas
  7 bats
  5 rats
49 creatures vanquished.

Notes
Turn   | Place    | Note
-------+----------+-------------------------------------------
     0 | D:1      | GloriousHammer the Kobold Enchanter began the quest for the
                  | Orb.
     0 | D:1      | Reached XP level 1. HP: 10/10 MP: 3/3
   223 | D:1      | Reached XP level 2. HP: 15/15 MP: 5/5
  1097 | D:2      | Reached XP level 3. HP: 19/19 MP: 6/6
  1258 | D:2      | Reached skill level 5 in Stealth
  1596 | D:2      | Reached XP level 4. HP: 24/24 MP: 6/8
  1936 | D:2      | Learned a level 2 spell: Ensorcelled Hibernation
  1940 | D:2      | Learned a level 3 spell: Confusing Touch
  1944 | D:2      | Learned a level 3 spell: Tukima's Dance
  2887 | D:3      | Found a hide-covered altar of Uskayaw.
  2894 | D:3      | Noticed a +0 dagger
  2895 | D:3      | Noticed a +0 hand axe
  2911 | D:3      | Reached XP level 5. HP: 24/28 MP: 4/9
  3034 | D:3      | Noticed Ijyb
  3044 | D:3      | Killed Ijyb
  3169 | D:3      | Noticed Terence
  3173 | D:3      | Killed Terence
  3174 | D:3      | Reached skill level 6 in Stealth
  3174 | D:3      | Reached skill level 1 in Ice Magic
  3320 | D:3      | Noticed Robin
  3332 | D:3      | Slain by a goblin

Illustrated notes

Levels and vault maps discovered:
D:1:      psy_arrival_statuary, layout_basic
D:2:      layout_basic
D:3:      layout_loops_ring, dancing_weapons_uskayaw, uniq_terence, uniq_ijyb,
          uniq_robin, uniq_crazy_yiuf_cottage

Skill      XL: |  1  2  3  4  5 |
---------------+----------------+-----
Short Blades   | 2 3 |  3.1
Stealth        | 5 6 |  6.2
Spellcasting   | 3 |  3.0
Ice Magic      | 1 |  1.0
Dodging        | |  2.4
Hexes          | |  3.7

Action                     |  1- 3 |  4- 6 || total
---------------------------+-------+-------++-------
  Melee: Dagger            |    76 |   118 ||   194
         Punch             |       |     1 ||     1
   Cast: Ensorcelled Hiber |       |    10 ||    10
         Confusing Touch   |       |     2 ||     2
   Stab: Sleeping          |    13 |    10 ||    23
         Distracted        |       |     1 ||     1
 Armour: Robe              |     8 |    19 ||    27
  Dodge: Dodged            |    37 |    98 ||   135

Table legend: (Time is in decaauts)
 A = Elapsed time spent in this place.
 B = Non-inter-level travel time spent in this place.
 C = Inter-level travel time spent in this place.
 D = Time resting spent in this place.
 E = Time spent auto-exploring this place.
 F = Levels seen in this place.
 G = Mean time per level.
                   A        B        C        D        E       F      G
               +--------+--------+--------+--------+--------+-----+--------+
         Total |   3310 |   2992 |    318 |    289 |   2232 |   3 | 1103.3 |
       Dungeon |   3310 |   2992 |    318 |    289 |   2232 |   3 | 1103.3 |
               +--------+--------+--------+--------+--------+-----+--------+

Top non-repeatable levels by time:
     D:2: 1699 daAuts
     D:1: 1055 daAuts
     D:3: 555 daAuts
